 Dungeon Crawl Stone Soup version 0.28.0-53-g5a82cb258f (webtiles) character file.

Game seed: 15353444006700155098

16097 Renzlar the Blocker (level 12, -27/145 HPs)
             Began as a Gnoll Fighter on Aug 20, 2022.
             Was a High Priest of Okawaru.
             Annihilated by a minotaur
             ... wielding a +0 bardiche
              (32 damage)
             ... in a Gauntlet on Aug 21, 2022.
             The game lasted 00:57:14 (12095 turns).

Renzlar the Blocker (Gnoll Fighter)                Turns: 12095, Time: 00:57:15

Health: -27/145    AC: 26    Str: 19    XL:     12   Next: 33%
Magic:  16/22      EV:  2    Int:  8    God:    Okawaru [*****.]
Gold:   691        SH:  8    Dex: 13    Spells: 16/25 levels left

rFire   + . .      SeeInvis .   a - +7 broad axe (flame)
rCold   x . .      Faith    .   B - +0 buckler
rNeg    . . .      Spirit   .   (armour currently unavailable)
rPois   +          Reflect  .   (helmet currently unavailable)
rElec   .          Harm     .   (cloak currently unavailable)
rCorr   .          Rampage  .   (gloves currently unavailable)
Will    +....      NoTele   +   (boots currently unavailable)
Stlth   +++++.....              C - amulet of regeneration
HPRegen 1.14/turn               w - ring of fire
MPRegen 0.18/turn               R - ring of willpower

@: tree-form, heroic, finesse-ful
A: stationary, stasis, torment immunity, boosted hp, (fangs 1), strong nose,
distributed training
a: Renounce Religion, Heroism, Finesse, Duel


You were in a Gauntlet.
You worshipped Okawaru.
Okawaru was extremely pleased with you.
You were a tree.
You visited 3 branches of the dungeon, and saw 12 of its levels.
You also visited: Sewer and Gauntlet.

You collected 691 gold pieces.

Inventory:

Hand Weapons
 a - a +7 broad axe of flaming (weapon)
 c - a +0 hunting sling
 k - a +0 war axe
 u - a +0 hand crossbow
 v - a +0 dagger of freezing
 x - the +10 hand axe of Chagrin {flame, rCorr Int+2}
   (You found it on level 7 of the Dungeon)

   It burns those it strikes, dealing additional fire damage.
   Big, fiery blades are also staple armaments of hydra-hunters.
   Int:       It affects your intelligence (+2).
   rCorr:     It protects you from acid and corrosion.
 z - a +2 flail of draining
Missiles
 g - 337 stones
 j - 4 javelins
 r - 17 poisoned darts
 s - 5 throwing nets (quivered)
 y - 68 sling bullets
 G - 66 bolts
 O - a curare-tipped dart
Armour
 B - a +0 buckler (worn)
 D - the +1 pair of boots "Sesullae" (melded) {rF+}
   (You found it in a Gauntlet)

   rF:        It protects you from fire.
 J - a +0 cloak (melded)
 L - a +0 helmet (melded)
 U - a +0 scale mail of poison resistance (melded)
Jewellery
 n - an amulet of reflection
 w - a ring of fire (left branch)
 C - an amulet of regeneration (around neck)
 I - a ring of resist corrosion
 R - a ring of willpower (right branch)
Wands
 o - a wand of acid (10)
 q - a wand of charming (15)
 t - a wand of flame (43)
 F - a wand of mindburst (17)
 K - a wand of iceblast (14)
 M - a wand of paralysis (7)
 P - a wand of digging (5)
Scrolls
 d - a scroll of blinking
 f - a scroll of amnesia
 i - 3 scrolls of teleportation
 m - a scroll of identify
 N - a scroll of fear
 S - a scroll of fog
Potions
 e - 10 potions of curing
 h - 3 potions of mutation
 l - 9 potions of flight
 E - 2 potions of cancellation
 H - 5 potions of haste
Miscellaneous
 b - a tin of tremorstones (2/2)


   Skills:
 + Level 9.8(14.8) Fighting
 + Level 7.2(12.2) Short Blades
 + Level 7.2(12.2) Long Blades
 + Level 8.6(13.6) Axes
 + Level 7.2(12.2) Maces & Flails
 + Level 7.2(12.2) Polearms
 + Level 7.2(12.2) Staves
 + Level 7.2(12.2) Slings
 + Level 7.2(12.2) Bows
 + Level 7.2(12.2) Crossbows
 + Level 7.2(12.2) Throwing
 + Level 9.8(14.8) Armour
 + Level 7.2(12.2) Dodging
 + Level 7.2(12.2) Stealth
 + Level 9.8(14.8) Shields
 + Level 7.2(12.2) Unarmed Combat
 + Level 7.2 Spellcasting
 + Level 6.0 Conjurations
 + Level 6.0 Hexes
 + Level 6.0 Summonings
 + Level 6.0 Necromancy
 + Level 6.0 Translocations
 + Level 6.0 Transmutations
 + Level 6.0 Fire Magic
 + Level 6.0 Ice Magic
 + Level 6.0 Air Magic
 + Level 6.0 Earth Magic
 + Level 6.0 Poison Magic
 + Level 7.9 Invocations
 + Level 7.2 Evocations


You had 16 spell levels left.
You knew the following spells:

 Your Spells              Type           Power      Damage    Failure   Level
a - Portal Projectile     Hex/Tloc       24%        N/A       6%          3
b - Olgreb's Toxic Radia  Pois           12%        N/A       21%         4
c - Ensorcelled Hibernat  Hex/Ice        24%        N/A       3%          2

Your spell library contained the following spells:

 Spells                   Type           Power      Damage    Failure   Level
 Sting                    Tmut/Pois      48%        1d5       1%          1
 Poisonous Vapours        Pois/Air       24%        N/A       3%          2
 Confusing Touch          Hex            12%        N/A       6%          3
 Mephitic Cloud           Conj/Pois/Air  12%        N/A       6%          3
 Spider Form              Tmut/Pois      12%        N/A       6%          3
 Anguish                  Hex/Necr       6%         N/A       21%         4
 Leda's Liquefaction      Hex/Erth       6%         N/A       21%         4
 Blade Hands              Tmut           6%         N/A       50%         5
 Excruciating Wounds      Necr           6%         N/A       50%         5
 Call Canine Familiar     Summ           Unusable   N/A       N/A         3
 Summon Guardian Golem    Hex/Summ       Unusable   N/A       N/A         3

Dungeon Overview and Level Annotations

Branches:
Dungeon (10/15)            Temple (1/1) D:6            Lair (1/6) D:10
    Orc (0/2) D:10          Sewer (visited)         Gauntlet (1/1)

Altars:
Ashenzari
Cheibriados
Dithmenos
Elyvilon
Fedhas
Gozag
Hepliaklqana
Kikubaaqudgha
Makhleb
Nemelex Xobeh
Okawaru
Qazlal
Ru
Sif Muna
Trog
Uskayaw
Vehumet
Wu Jian
Xom
Yredelemnul
Zin
The Shining One

Portals:
Trove: D:10 (give 8 potions of haste)

Annotations:
Gauntlet 6 transporters


Innate Abilities, Weirdness & Mutations

You are a tree.
Your roots penetrate the ground, keeping you stationary.
You cannot be teleported.
You are immune to unholy pain and torment.
Your maximum health is greatly increased.
Your equipment is partially melded.
((You have very sharp teeth.))
Your uncanny sense of smell can sniff out nearby items.
Your experience applies equally to all skills.


Message History

You feel much better. The minotaur closely misses you. The minotaur gores you.
You barely miss the minotaur.
The minotaur furiously retaliates!
The minotaur headbutts you. The minotaur misses you.
You block the minotaur's attack.
You can now deal lightning-fast blows.
The minotaur hits you with a +0 bardiche!!
* * * LOW HITPOINT WARNING * * *
The minotaur closely misses you.
Unknown command.
You feel much better. You block the minotaur's attack.
The minotaur gores you but does no damage.
You hit the minotaur but do no damage. You hit the minotaur but do no damage.
The minotaur hits you with a +0 bardiche!!
* * * LOW HITPOINT WARNING * * *
The minotaur barely misses you.
Unknown command.
You hit the minotaur but do no damage.
You bite the minotaur, but do no damage.
You barely miss the minotaur.
You feel better.
The minotaur hits you with a +0 bardiche!!
* * * LOW HITPOINT WARNING * * *
You block the minotaur's attack.
Unknown command.
Unknown command.
Really quaff the potion of lignification?
You turn into a tree.
Your +0 cloak melds into your body.
Your +0 helmet melds into your body.
The +1 pair of boots "Sesullae" {rF+} melds into your body.
Your +0 scale mail of poison resistance melds into your body.
You no longer feel resistant to poison.
Your roots penetrate the ground.
The minotaur hits you with a +0 bardiche.
* * * LOW HITPOINT WARNING * * *
The minotaur gores you but does no damage.
You completely miss the minotaur.
The minotaur furiously retaliates!
The minotaur headbutts you.
* * * LOW HITPOINT WARNING * * *
The minotaur hits you with a +0 bardiche!!
You die...

≈#≈≈≈#≈≈≈#≈≈≈#
...........≈#
.#########.#######
.##.##..##.≈##...#
.#.#..##.#.≈≈#.⌠.##
##.#.#)#.#.≈##....
©##.#©(#§#.###.⌠.###.##.#
.#.##)#.[#..##...H......8
.##..##.!#...#.⌠♣#.#.....
.#.##..###.∩.#...#.# ###
.#########...#.©.#..
.....#.....⌠.#...###H
.#########...#.©.# .#
.#...ZZZZ#.∩.#...# #
.#.##...$#...#.⌠.#
.#Z#.##.(#..##....
©#.#.©#.©#.###.⌠.#


You could see a minotaur.

Vanquished Creatures
  A catoblepas (Gauntlet)
  Harold (D:8)
  Erica (D:8)
  2 two-headed ogres (D:9)
  A soul eater (Gauntlet)
  A wizard (Gauntlet)
  An elephant (D:10)
  Maurice (D:8)
  A molten gargoyle (Gauntlet)
  2 cane toads (D:10)
  2 gargoyles (Gauntlet)
  A komodo dragon (D:10)
  Prince Ribbit (D:8)
  A hornet (D:10)
  19 yaks
  Grum (D:8)
  A basilisk (D:10)
  The ghost of
  12572944 the Ruffian, an amateur DrTm (D:3)
  2 wyverns
  4 vampire mosquitoes (D:9)
  2 steam dragons
  Menkaure (D:7)
  2 wargs (D:10)
  2 water moccasins
  An acid dragon (D:9)
  4 sky beasts
  2 orc warriors (D:10)
  3 black bears
  A hornet zombie (D:8)
  A necrophage (D:5)
  2 centaurs
  2 ogres
  2 wolves (D:8)
  A phantom (D:6)
  5 kobold brigands
  2 bullfrogs
  Blork the orc (D:5)
  2 scorpions
  12 killer bees
  5 wights (D:6)
  4 howler monkeys
  2 centaur zombies
  2 jellies
  A bullfrog skeleton (D:6)
  2 hounds
  A gnoll shaman (D:5)
  6 orc priests
  A centaur skeleton (D:7)
  6 iguanas
  8 orc wizards
  A killer bee zombie (D:6)
  A hound zombie (D:3)
  A howler monkey zombie (D:6)
  4 gnolls
  7 river rats (Sewer)
  7 adders
  5 shadow imps (Gauntlet)
  4 white imps
  An ufetubus (D:4)
  An adder skeleton (D:5)
  5 worms
  A dart slug (D:2)
  27 orcs
  18 ball pythons
  9 bats
  7 endoplasms
  6 giant cockroaches
  7 goblins
  5 hobgoblins
  5 jackals
  7 quokkas
  3 frilled lizards
  30 kobolds
  A quokka zombie (D:3)
  6 rats
300 creatures vanquished.

Vanquished Creatures (others)
  A phantom (D:6)
  A kobold (D:8)
2 creatures vanquished.

Grand Total: 302 creatures vanquished

Notes
Turn   | Place    | Note
-------+----------+-------------------------------------------
     0 | D:1      | Renzlar the Gnoll Fighter began the quest for the Orb.
     0 | D:1      | Reached XP level 1. HP: 23/23 MP: 1/1
    99 | D:1      | Reached XP level 2. HP: 24/29 MP: 2/2
   425 | D:1      | Reached XP level 3. HP: 24/35 MP: 3/3
  1025 | D:1      | Reached skill level 1 in Invocations
  1510 | D:2      | Reached skill level 1 in Short Blades
  1510 | D:2      | Reached skill level 1 in Long Blades
  1510 | D:2      | Reached skill level 1 in Maces & Flails
  1510 | D:2      | Reached skill level 1 in Polearms
  1510 | D:2      | Reached skill level 1 in Staves
  1510 | D:2      | Reached skill level 1 in Slings
  1510 | D:2      | Reached skill level 1 in Bows
  1510 | D:2      | Reached skill level 1 in Crossbows
  1510 | D:2      | Reached skill level 1 in Throwing
  1510 | D:2      | Reached skill level 1 in Dodging
  1510 | D:2      | Reached skill level 1 in Stealth
  1510 | D:2      | Reached skill level 1 in Unarmed Combat
  1510 | D:2      | Reached skill level 1 in Spellcasting
  1510 | D:2      | Reached skill level 1 in Evocations
  1546 | D:2      | Found a faded altar of an unknown god.
  1617 | D:2      | Noticed an ogre
  1626 | D:2      | Killed an ogre
  1627 | D:2      | Reached skill level 1 in Conjurations
  1627 | D:2      | Reached skill level 1 in Hexes
  1627 | D:2      | Reached skill level 1 in Summonings
  1627 | D:2      | Reached skill level 1 in Necromancy
  1627 | D:2      | Reached skill level 1 in Translocations
  1627 | D:2      | Reached skill level 1 in Transmutations
  1627 | D:2      | Reached skill level 1 in Fire Magic
  1627 | D:2      | Reached skill level 1 in Ice Magic
  1627 | D:2      | Reached skill level 1 in Air Magic
  1627 | D:2      | Reached skill level 1 in Earth Magic
  1627 | D:2      | Reached skill level 1 in Poison Magic
  1627 | D:2      | Reached XP level 4. HP: 41/41 MP: 4/6
  1627 | D:2      | Reached XP level 5. HP: 47/47 MP: 4/7
  1965 | D:3      | Found a runed translucent gate.
  1965 | D:3      | Found a runed translucent gate.
  1965 | D:3      | Found a runed translucent gate.
  1965 | D:3      | Noticed 12572944's ghost (amateur DrTm)
  1967 | D:3      | Found a basalt altar of Yredelemnul.
  2009 | D:3      | Killed 12572944's ghost
  2010 | D:3      | Reached skill level 5 in Axes
  2010 | D:3      | Reached XP level 6. HP: 32/53 MP: 8/8
  2188 | D:3      | Found a glowing drain.
  2202 | Sewer    | Entered a sewer
  3131 | D:3      | Reached XP level 7. HP: 59/59 MP: 10/10
  3457 | D:3      | Found a glowing silver altar of Zin.
  4054 | D:4      | Found a blossoming altar of Fedhas.
  4071 | D:4      | Identified the +7 quarterstaff "Xougoak" {flame, rF+ Str-5
                  | Stlth+}
  4086 | D:4      | Noticed a yak
  4110 | D:4      | Killed a yak
  4269 | D:4      | Noticed a yak
  4269 | D:4      | Noticed a yak
  4289 | D:4      | Killed a yak
  4312 | D:4      | Noticed a yak
  4320 | D:4      | Noticed a yak
  4516 | D:4      | Reached XP level 8. HP: 60/67 MP: 12/12
  4805 | D:4      | Killed a yak
  4812 | D:4      | Killed a yak
  4819 | D:4      | Killed a yak
  5234 | D:5      | Entered Level 5 of the Dungeon
  5349 | D:5      | Reached XP level 9. HP: 58/72 MP: 14/14
  5878 | D:5      | Noticed Blork the orc
  5889 | D:5      | Killed Blork the orc
  6140 | D:5      | Found a burning altar of Makhleb.
  6140 | D:5      | Found a stormy altar of Qazlal.
  7288 | D:6      | Found a bloodstained altar of Trog.
  7393 | D:6      | Found a sparkling altar of Nemelex Xobeh.
  7423 | D:6      | Identified the +3 whip "Ihix" {distort, Str+3 Stlth+}
  7707 | D:6      | Reached skill level 5 in Invocations
  7807 | D:6      | Found a staircase to the Ecumenical Temple.
  7817 | Temple   | Entered the Ecumenical Temple
  7822 | Temple   | Became a worshipper of Warmaster Okawaru
  8227 | D:7      | Noticed Menkaure
  8236 | D:7      | Killed Menkaure
  8237 | D:7      | Reached XP level 10. HP: 63/80 MP: 17/17
  8305 | D:7      | Identified the +10 hand axe of Chagrin {flame, rCorr Int+2}
  8647 | D:8      | Found a shimmering blue altar of Sif Muna.
  8693 | D:8      | Reached * piety under Okawaru
  8701 | D:8      | Reached skill level 5 in Short Blades
  8701 | D:8      | Reached skill level 5 in Long Blades
  8701 | D:8      | Reached skill level 5 in Maces & Flails
  8701 | D:8      | Reached skill level 5 in Polearms
  8701 | D:8      | Reached skill level 5 in Staves
  8701 | D:8      | Reached skill level 5 in Slings
  8701 | D:8      | Reached skill level 5 in Bows
  8701 | D:8      | Reached skill level 5 in Crossbows
  8701 | D:8      | Reached skill level 5 in Throwing
  8701 | D:8      | Reached skill level 5 in Dodging
  8701 | D:8      | Reached skill level 5 in Stealth
  8701 | D:8      | Reached skill level 5 in Unarmed Combat
  8701 | D:8      | Reached skill level 5 in Spellcasting
  8701 | D:8      | Reached skill level 5 in Evocations
  8710 | D:8      | Noticed Prince Ribbit
  8728 | D:8      | Killed Prince Ribbit
  8768 | D:8      | Found a radiant altar of Vehumet.
  8803 | D:8      | Noticed Grum
  8814 | D:8      | Killed Grum
  8822 | D:8      | Noticed Harold
  8837 | D:8      | Killed Harold
  8837 | D:8      | Reached ** piety under Okawaru
  8945 | D:8      | Noticed Maurice
  8951 | D:8      | Killed Maurice
  9272 | D:8      | Noticed Erica
  9289 | D:8      | Killed Erica
  9753 | D:9      | Noticed a two-headed ogre
  9763 | D:9      | Killed a two-headed ogre
  9763 | D:9      | Reached *** piety under Okawaru
  9764 | D:9      | Reached XP level 11. HP: 87/87 MP: 19/19
  9796 | D:9      | Noticed a two-headed ogre
  9803 | D:9      | Killed a two-headed ogre
  9804 | D:9      | Reached skill level 5 in Conjurations
  9804 | D:9      | Reached skill level 5 in Hexes
  9804 | D:9      | Reached skill level 5 in Summonings
  9804 | D:9      | Reached skill level 5 in Necromancy
  9804 | D:9      | Reached skill level 5 in Translocations
  9804 | D:9      | Reached skill level 5 in Transmutations
  9804 | D:9      | Reached skill level 5 in Fire Magic
  9804 | D:9      | Reached skill level 5 in Ice Magic
  9804 | D:9      | Reached skill level 5 in Air Magic
  9804 | D:9      | Reached skill level 5 in Earth Magic
  9804 | D:9      | Reached skill level 5 in Poison Magic
 10058 | D:9      | Found a hazy altar of Hepliaklqana.
 10118 | D:9      | Found an ornate altar of the Wu Jian Council.
 10209 | D:9      | Reached **** piety under Okawaru
 10209 | D:9      | Received a gift from Okawaru
 10431 | D:10     | Entered Level 10 of the Dungeon
 10439 | D:9      | Received a gift from Okawaru
 10625 | D:10     | Found a staircase to the Lair.
 10864 | D:10     | Found a staircase to the Orcish Mines.
 10905 | D:10     | Received a gift from Okawaru
 11335 | D:10     | Found a portal to a secret trove of treasure.
 11598 | Lair:1   | Entered Level 1 of the Lair of Beasts
 11620 | D:10     | Reached XP level 12. HP: 79/96 MP: 19/22
 11668 | D:10     | Reached ***** piety under Okawaru
 11757 | Lair:1   | Found a gate leading to a gauntlet.
 11766 | Gauntlet | Entered a Gauntlet
 11766 | Gauntlet | Found a runed translucent door.
 11766 | Gauntlet | Found a transporter.
 11766 | Gauntlet | Found a runed translucent door.
 11766 | Gauntlet | Found a transporter.
 11767 | Gauntlet | Noticed a soul eater
 11770 | Gauntlet | Found a transporter.
 11771 | Gauntlet | Found a transporter.
 11774 | Gauntlet | Found a transporter.
 11774 | Gauntlet | Found a transporter.
 11803 | Gauntlet | Noticed a tengu warrior
 11806 | Gauntlet | Found a transporter.
 11810 | Gauntlet | Found a transporter.
 11818 | Gauntlet | Found a transporter.
 11834 | Gauntlet | Noticed a catoblepas
 11835 | Gauntlet | Found a transporter.
 11850 | Gauntlet | Found a transporter.
 11854 | Gauntlet | Found a transporter.
 11912 | Gauntlet | Killed a soul eater
 11977 | Gauntlet | Received a gift from Okawaru
 11988 | Gauntlet | Killed a catoblepas
 11990 | Gauntlet | Identified the +1 pair of boots "Sesullae" {rF+}
 12004 | Gauntlet | Got Sif Muna's Disquisition on Hurtful Execration
 12009 | Gauntlet | Learned a level 3 spell: Portal Projectile
 12014 | Gauntlet | Learned a level 4 spell: Olgreb's Toxic Radiance
 12070 | Gauntlet | Learned a level 2 spell: Ensorcelled Hibernation
 12075 | Gauntlet | Identified the +5 ring mail of Dipaudod {Slay+2}
 12075 | Gauntlet | Noticed a minotaur
 12095 | Gauntlet | HP: 4/145 [minotaur's headbutt (6)]
 12095 | Gauntlet | Annihilated by a minotaur

Illustrated notes

Levels and vault maps discovered:
D:1:      roderic_crossed_star, layout_loops_corners, minmay_quantized
D:2:      layout_basic, hellmonk_ecumenical_altar_run_dry
D:3:      layout_loops_ring, nicolae_yredelemnul_ghost_church,
          lemuel_doored_altar, cheibrodos_sewer_entry_drain, dk_noncrumbling_2,
          kennysheep_cross_room
D:4:      layout_loops_ring, general_overflow_altar
D:5:      layout_basic, gammafunk_temple_overflow_pools,
          hangedman_abyss_or_decor_lesser_grid, uniq_blork_the_orc
D:6:      layout_basic, mainiacjoe_overflow_tiny_flanked, trog_hazing_becter,
          lemuel_temple_firewalk_b, nicolae_concentric_dashed_squares_mild,
          kennysheep_diamond
D:7:      layout_cave_pools, kennysheep_generic_room_15, uniq_menkaure
D:8:      layout_basic, old_standard_altar, fiery_altar_vehumet, uniq_maurice,
          uniq_erica, uniq_grum, uniq_prince_ribbit1, uniq_harold
D:9:      layout_rooms, nicolae_hepliaklqana_hazy_memory,
          overflow_temple_1_default, columned_hall_lemuel
D:10:     layout_small_grid, david_lair_generic, erik_orc_3,
          trove_entry_hex_spiral
Temple:   minmay_freezing_vapour_temple
Lair:1:   layout_chaotic_city, gauntlet_entry_generic
Gauntlet: minmay_gauntlet_77_indecision [minmay_gauntlet_arena_77_shame_cube,
          minmay_gauntlet_arena_77_checkered,
          minmay_gauntlet_arena_77_tiled_triplets,
          minmay_gauntlet_arena_77_braids, minmay_gauntlet_arena_77_mess,
          minmay_gauntlet_arena_77_hold_the_fort,
          nicolae_gauntlet_exit_dead_adventurers]

Skill      XL: |  1  2  3  4  5  6  7  8  9 10 11 12 |
---------------+-------------------------------------+-----
Invocations    | 1 2 3 4 5 6 7 |  7.9
Short Blades   | 1 2 3 4 5 6 7 |  7.2
Long Blades    | 1 2 3 4 5 6 7 |  7.2
Maces & Flails | 1 2 3 4 5 6 7 |  7.2
Polearms       | 1 2 3 4 5 6 7 |  7.2
Staves         | 1 2 3 4 5 6 7 |  7.2
Slings         | 1 2 3 4 5 6 7 |  7.2
Bows           | 1 2 3 4 5 6 7 |  7.2
Crossbows      | 1 2 3 4 5 6 7 |  7.2
Throwing       | 1 2 3 4 5 6 7 |  7.2
Dodging        | 1 2 3 4 5 6 7 |  7.2
Stealth        | 1 2 3 4 5 6 7 |  7.2
Unarmed Combat | 1 2 3 4 5 6 7 |  7.2
Spellcasting   | 1 2 3 4 5 6 7 |  7.2
Evocations     | 1 2 3 4 5 6 7 |  7.2
Conjurations   | 1 2 3 4 5 6 |  6.0
Hexes          | 1 2 3 4 5 6 |  6.0
Summonings     | 1 2 3 4 5 6 |  6.0
Necromancy     | 1 2 3 4 5 6 |  6.0
Translocations | 1 2 3 4 5 6 |  6.0
Transmutations | 1 2 3 4 5 6 |  6.0
Fire Magic     | 1 2 3 4 5 6 |  6.0
Ice Magic      | 1 2 3 4 5 6 |  6.0
Air Magic      | 1 2 3 4 5 6 |  6.0
Earth Magic    | 1 2 3 4 5 6 |  6.0
Poison Magic   | 1 2 3 4 5 6 |  6.0
Axes           | 5 6 7 8 |  8.6
Fighting       | 7 8 9 |  9.8
Armour         | 7 8 9 |  9.8
Shields        | 7 8 9 |  9.8

Action                   |  1- 3 |  4- 6 |  7- 9 | 10-12 || total
-------------------------+-------+-------+-------+-------++-------
Melee: War axe           |    93 |       |       |       ||    93
       Bite              |     5 |    12 |    26 |    42 ||    85
       Broad axe         |       |   126 |   245 |   311 ||   682
       Hand axe          |       |       |       |    26 ||    26
       Dagger            |       |       |       |     2 ||     2
 Fire: Hunting sling     |       |       |    42 |   110 ||   152
Throw: Stone             |     5 |     4 |    44 |     1 ||    54
       Javelin           |       |       |     4 |     4 ||     8
       Dart              |       |       |       |     7 ||     7
       Throwing net      |       |       |       |     1 ||     1
Invok: Heroism           |       |       |       |     6 ||     6
       Finesse           |       |       |       |     2 ||     2
Evoke: Wand              |       |       |     1 |     5 ||     6
  Use: Scroll            |     5 |     4 |    11 |     7 ||    27
       Potion            |       |       |     1 |     8 ||     9
 Stab: Held in net/web   |       |       |       |     1 ||     1
Armor: Scale mail        |    33 |    69 |     9 |   129 ||   240
       Chain mail        |       |       |   129 |       ||   129
       Skin              |       |       |       |     1 ||     1
Dodge: Dodged            |    37 |    63 |   100 |   173 ||   373
Block: Buckler           |    21 |    41 |   101 |   118 ||   281
